 Dungeon Crawl Stone Soup version 0.17-a0-1914-gde4187c (webtiles) character file.

14 Kolbur the Chiller (level 2, -5/19 HPs)
             Began as a Merfolk Ice Elementalist on Sept 26, 2015.
             Slain by Grinder (6 damage)
             ... while paralysed by Grinder
             ... on level 3 of the Dungeon.
             The game lasted 00:05:32 (383 turns).

Kolbur the Chiller (Merfolk Ice Elementalist)        Turns: 383, Time: 00:05:33

Health: -5/19      AC:  2    Str:  8    XL:     2   Next: 45%
Magic:  5/5        EV:  2    Int: 14    God:
Gold:   35         SH:  0    Dex: 14    Spells: 1 memorised, 4 levels left

rFire  + . .     SeeInvis .     n - +0 dagger
rCold  . . .     Clarity  +     a - +0 robe
rNeg   . . .     SustAt   .     (no shield)
rPois  .         Gourm    .     (no helmet)
rElec  .         Spirit   .     (no cloak)
rCorr  .         Warding  .     (no gloves)
rMut   .         Stasis   .     (no boots)
MR     .....                    i - amulet of clarity
Stlth  ++........               l - ring of protection from fire
                                e - ring of wizardry

@: paralysed, not resistant to hostile enchantments, unstealthy
A: change form in water, swift swim
a: no special abilities


You were on level 3 of the Dungeon.
You were not hungry.

You visited 1 branch of the dungeon, and saw 3 of its levels.

You collected 35 gold pieces.

Inventory:

Hand weapons
 n - a +0 dagger (weapon)
Missiles
 o - 10 poisoned needles
 p - 56 stones (quivered)
Armour
 a - a +0 robe (worn)
Jewellery
 e - a ring of wizardry (left hand)
 i - an amulet of clarity (around neck)
 l - a ring of protection from fire (right hand)
Scrolls
 d - 2 scrolls of remove curse {unknown}
 h - a scroll of teleportation {unknown}
 q - a scroll of identify {unknown}
Potions
 f - a potion of degeneration {unknown}
 g - a potion of curing {unknown}
 j - a potion of lignification {unknown}
 k - a potion of flight {unknown}
 m - a potion of cure mutation {unknown}
Books
 b - a book of Frost

   Spells                             Type                      Level
   a - Freeze                         Ice                          1
   b - Throw Frost                    Conjuration/Ice              2
   c - Ozocubu's Armour               Charms/Ice                   3
   d - Throw Icicle                   Conjuration/Ice              4
   e - Summon Ice Beast               Ice/Summoning                4
   f - Condensation Shield            Ice                          4
Comestibles
 c - a bread ration


   Skills:
 - Level 2.6 Dodging
 - Level 2.1 Stealth
 - Level 2.0 Spellcasting
   Level 0.7 Conjurations
 + Level 4.1 Ice Magic


You had 4 spell levels left.
You knew the following spells:

 Your Spells              Type           Power        Failure   Level  Hunger
a - Freeze                Ice            ##..         1%          1    ##.....


Dungeon Overview and Level Annotations

Branches:
Dungeon (3/15)

Altars:
Vehumet

Annotations:
D:3 Grinder


Message History

Grinder shouts!
Throwing (i - inventory):
p - 56 stones (quivered)
Press: ? - help, Shift-Dir - straight line, f - Grinder
Aim: Grinder
Okay, then.
Unknown command.
Grinder gestures at you.
You suddenly lose the ability to move!
Grinder drinks a potion.
Grinder seems to speed up.
Grinder hits you!
Ouch! That really hurt!
You writhe in agony.
Grinder says, "Just stop there for a second..."
Grinder hits you but does no damage. Grinder hits you.
* * * LOW HITPOINT WARNING * * *
You writhe in agony.
* * * LOW HITPOINT WARNING * * *
Grinder hits you.
You die...

..............'........
#..............#........
#..............#........
##..............#........
................#........
................#.#######
.....$..........#........
................#.#######
#.....@5......#. #
#.....##.###### #
........+.... .
###.....##..... #
########.##### . ... . .#


You could see Grinder.

Vanquished Creatures
  2 bats (D:1)
  2 goblins (D:1)
  2 hobgoblins
  A giant newt (D:2)
  A kobold (D:1)
  8 rats (D:1)
16 creatures vanquished.

Notes
Turn   | Place    | Note
--------------------------------------------------------------
     0 | D:1      | Kolbur the Merfolk Ice Elementalist began the quest for the Orb.
     0 | D:1      | Reached XP level 1. HP: 13/13 MP: 3/3
   212 | D:1      | Reached XP level 2. HP: 14/19 MP: 0/5
   236 | D:1      | Reached skill level 4 in Ice Magic
   314 | D:2      | Found a radiant altar of Vehumet.
   372 | D:3      | Noticed Grinder
   379 | D:3      | Paralysed by Grinder for 6 turns
   383 | D:3      | Slain by Grinder

Vault maps used:
D:1:      erik_arrival_orb_chamber, serial_corexii_hall, corexii_hall_statues_u,
          corexii_hall_statues_i
D:2:      nicolae_overflow_hidden_temple, nicolae_tso_swordbearing_angel,
          ecumenical_altar_1, minmay_distorted
D:3:      first_bread, minmay_joined_circles, uniq_robin, uniq_grinder,
          uniq_terence, uniq_purgy

Action                   || total
-------------------------++-------
Melee: Unarmed           ||     2
       Dagger            ||     2
 Cast: Freeze            ||    19
 Stab: Sleeping          ||     2

Vault maps used:
D:1:      erik_arrival_orb_chamber, serial_corexii_hall, corexii_hall_statues_u,
          corexii_hall_statues_i
D:2:      nicolae_overflow_hidden_temple, nicolae_tso_swordbearing_angel,
          ecumenical_altar_1, minmay_distorted
D:3:      first_bread, minmay_joined_circles, uniq_robin, uniq_grinder,
          uniq_terence, uniq_purgy

Table legend:
 A = Turns spent in this place as a percentage of turns spent in the entire game.
 B = Non-inter-level travel turns spent in this place as a percentage of non-inter-level travel turns spent in the entire game.
 C = Inter-level travel turns spent in this place as a percentage of turns spent in this place.
 D = Turns resting spent in this place as a percentage of non-inter-level travel turns spent in this place.
 E = Turns spent auto-exploring this place as a percentage of non-inter-level travel turns spent in this place.
 F = Non-inter-level travel turns spent in this place divided by the number of levels of this place that you've seen.
                   A       B       C       D       E      F
               +-------+-------+-------+-------+-------+----------------------
         Total | 100.0 | 100.0 |   0.3 |   0.0 |   0.0 | 121.0
       Dungeon | 100.0 | 100.0 |   0.3 |   0.0 |   0.0 | 121.0
               +-------+-------+-------+-------+-------+----------------------
